 Dungeon Crawl Stone Soup version 0.31-a0-1547-g618ab1f346 (webtiles) character file.

Game seed: 11479016474755834166

4 Jannitor the Sneak (level 1, -6/20 HPs)
             Began as a Hill Orc Delver on Jan 2, 2024.
             Mangled by a kobold brigand
             ... wielding a +0 dagger
              (9 damage)
             ... on level 6 of the Dungeon.
             The game lasted 00:00:56 (191 turns).

Jannitor the Sneak (Hill Orc Delver)                 Turns: 191, Time: 00:00:57

Health: -6/20      AC:  3    Str: 14    XL:     1   Next: 60%
Magic:  1/1        EV: 11    Int: 10    God:
Gold:   18         SH:  0    Dex: 12    Spells: 0/0 levels left

rFire   . . .        a - +0 hand axe
rCold   . . .        (no shield)
rNeg    . . .        b - +0 leather armour
rPois   .            (no helmet)
rElec   .            (no cloak)
rCorr   .            (no gloves)
SInv    .            (no boots)
Will    .....        (no amulet)
Stlth   ++           (no ring)
HPRegen 0.23/turn    (no ring)
MPRegen 0.07/turn

%: no passive effects
@: hasted, very quick
A: no striking features
a: no special abilities


You were on level 6 of the Dungeon.
You visited 1 branch of the dungeon, and saw 2 of its levels.

You collected 18 gold pieces.

Inventory:

Hand Weapons
 a - a +0 hand axe (weapon)
Armour
 b - a +0 leather armour (worn)
Wands
 g - a wand of digging (3)
 h - a wand of flame (22)
Scrolls
 c - a scroll of fog
 d - a scroll of revelation
 e - a scroll of fear


   Skills:
 + Level 3.7 Fighting
 + Level 2.8 Axes
 + Level 0.0 Armour
 + Level 1.6 Dodging
 - Level 4.1 Stealth


You couldn't memorise any spells.
You didn't know any spells.
Your spell library contained the following spells:

 Spells                   Type           Power      Damage    Failure   Level
 Dazzling Flash           Conj/Hex       0%         N/A       82%         3
 Mephitic Cloud           Conj/Alch/Air  0%         N/A       82%         3
 Curse of Agony           Necr           0%         N/A       100%        5
 Silence                  Hex/Air        0%         N/A       100%        5


Dungeon Overview and Level Annotations

Branches:
Dungeon (6/15)
 Temple: D:4-7

Altars:
Ashenzari


Message History

The kobold brigand hits you with a +0 dagger.
It was a potion of curing.
You feel better.
You completely miss the kobold brigand.
A kobold comes into view. It is wielding a +0 short sword.
The kobold brigand hits you but does no damage.
The kobold shouts! x2
You hit the kobold brigand.
The kobold brigand is lightly wounded.
The kobold brigand hits you with a +0 dagger.
You hit the kobold brigand.
The kobold brigand is moderately wounded.
The kobold brigand barely misses you.
The kobold throws a stone.
The stone hits you but does no damage.
You completely miss the kobold brigand.
The kobold brigand is moderately wounded.
The kobold brigand hits you with a +0 dagger.
The kobold throws a stone.
The stone hits you but does no damage.
You barely miss the kobold brigand.
The kobold brigand is moderately wounded.
You hit the kobold.
The kobold brigand hits you with a +0 dagger.
The kobold hits you with a +0 short sword.
* * * LOW HITPOINT WARNING * * *
Unknown command.
You hit the kobold.
You kill the kobold!
You hit the kobold.
The kobold is heavily wounded.
You barely miss the kobold brigand.
The kobold brigand is moderately wounded.
You barely miss the kobold brigand.
The kobold brigand is moderately wounded.
You barely miss the kobold brigand.
The kobold brigand is moderately wounded.
The kobold brigand hits you with a +0 dagger.
* * * LOW HITPOINT WARNING * * *
You barely miss the kobold brigand.
The kobold brigand is moderately wounded.
The kobold brigand hits you with a +0 dagger!
You die...

#............#....## ...
#..............#....# ..
###.............##..###
#.# #..............###.##
#.. #..#.......##..#
#.###
#.##...#..#.#.###.##....#
#..#....#####.###....##
#.....######K#.....##
..###....###.)@KK#.##...#
#.......## #.#######..###
#........###.#.....#...#
#..##..#...o#.#......##)#
.. #..##..##.#....#.##.#
# #.. #..##.#....#..#.# #
..# #..##.#..####.#.#.#.#
.o. ##.##)###. #.#.#.#.#
..o #.##.# #. #.#.#.#.#


You could see a kobold brigand and 2 kobolds.

Vanquished Creatures
  An orc (D:6)
  2 kobolds (D:6)
3 creatures vanquished.

Notes
Turn   | Place    | Note
-------+----------+-------------------------------------------
     0 | D:5      | Jannitor the Hill Orc Delver began the quest for the Orb.
     0 | D:5      | Reached XP level 1. HP: 19/19 MP: 1/1
     2 | D:5      | Found a broken altar of Ashenzari.
    10 | D:5      | Noticed a hound
   115 | D:6      | Noticed a kobold brigand
   166 | D:6      | Noticed a kobold brigand
   191 | D:6      | Mangled by a kobold brigand

Illustrated notes

Levels and vault maps discovered:
D:5:      minmay_diamond_boxcup, layout_cave_pools, nicolae_ru_path_of_blood,
          mainiacjoe_overflow_tiny_flanked, minmay_temple_entry_water_ring
D:6:      layout_layer_cave, nicolae_wu_jian_glorious_leap,
          serial_co_window_serial, co_window_of_opportunity_a,
          co_window_corner_a, co_window_paths_a, co_window_cross_1,
          co_window_paths_b, co_window_paths_a, co_window_paths_a,
          co_window_corner_b, co_window_of_opportunity_b,
          co_window_of_opportunity_b, co_window_corner_b, co_window_sun,
          co_window_paths_d, glass_columns_c, billiards_dpeg

Action                     || total
---------------------------++-------
  Melee: Hand axe          ||    18
    Use: Potion            ||     2
 Armour: Leather armour    ||    16
  Dodge: Dodged            ||     8

Table legend: (Time is in decaauts)
 A = Elapsed time spent in this place.
 B = Non-inter-level travel time spent in this place.
 C = Inter-level travel time spent in this place.
 D = Time resting spent in this place.
 E = Time spent auto-exploring this place.
 F = Levels seen in this place.
 G = Mean time per level.
                   A        B        C        D        E       F      G
               +--------+--------+--------+--------+--------+-----+--------+
         Total |    189 |    189 |      0 |     15 |     45 |   2 |   94.5 |
       Dungeon |    189 |    189 |      0 |     15 |     45 |   2 |   94.5 |
               +--------+--------+--------+--------+--------+-----+--------+

Top non-repeatable levels by time:
     D:6: 171 daAuts
     D:5: 18 daAuts
